 Dungeon Crawl Stone Soup version 0.13-a0-2474-g552a472 (webtiles) character file.

119 Rycklaryybbe the Grasshopper (level 3, -4/26 HPs)
             Began as a Demonspawn Warper on July 18, 2013.
             Slain by an orc
             ... wielding a +1,+2 orcish falchion of electrocution
              (16 damage)
             ... on Level 3 of the Dungeon.
             The game lasted 00:04:31 (1330 turns).

Rycklaryybbe the Grasshopper (Demonspawn Warper)    Turns: 1330, Time: 00:04:34

HP  -4/26        AC  4     Str 11      XL: 3   Next: 12%
MP   4/4         EV 10     Int 14      God:
Gold 86          SH  7     Dex 13      Spells:  1 memorised,  5 levels left

Res.Fire  : . . .   See Invis. : .     - Unarmed
Res.Cold  : . . .   Warding    : .   b - +0 leather armour
Life Prot.: . . .   Conserve   : .   j - +0 elf buckler
Res.Poison: .       Res.Corr.  : .   q - +0 golden helmet
Res.Elec. : .       Clarity    : .   (no cloak)
Sust.Abil.: . .     Spirit.Shd : .   (no gloves)
Res.Mut.  : .       Stasis     : .   (no boots)
Res.Rott. : .       Flight     : .   (no amulet)
Saprovore : . . .                    (no ring)
                                     (no ring)

@: not resistant to hostile enchantments, very unstealthy
A: claws 1, spiny 1
a: no special abilities


You were on level 3 of the Dungeon.
You were hungry.

You visited 1 branch of the dungeon, and saw 3 of its levels.

You collected 36 gold pieces.

Inventory:

Hand weapons
 a - a +0,+0 short sword
 k - a -1,+1 orcish short sword
 p - a +0,+0 dwarven dagger
Missiles
 e - 18 darts (quivered)
 f - 10 darts of dispersal
 r - 17 silver darts
Armour
 b - a +0 leather armour (worn)
 j - a +0 elven buckler (worn)
 q - a +0 golden helmet (worn)
Comestibles
 g - a bread ration
 l - an apple
Scrolls
 d - a scroll of blinking
 h - 2 scrolls of teleportation {unknown}
 n - a scroll of random uselessness {unknown}
 s - a scroll of identify {unknown}
Potions
 i - 2 potions of magic {unknown}
Books
 c - a book of Spatial Translocations

   Spells                             Type                      Level
   *Apportation                       Translocation                1
   Portal Projectile                  Translocation                2
   Blink                              Translocation                2
   Shroud of Golubria                 Charms/Translocation         2
   Teleport Other                     Translocation                3
   Passage of Golubria                Translocation                4


   Skills:
 - Level 2.0 Fighting
 - Level 2.4 Short Blades
 - Level 0.8 Throwing
 - Level 0.8 Armour
 - Level 1.7 Dodging
 + Level 1.8 Unarmed Combat
 - Level 2.0 Spellcasting
 - Level 2.6 Translocations


You had 5 spell levels left.
You knew the following spells:

 Your Spells              Type           Power        Failure   Level  Hunger
a - Apportation           Tloc           #.........   14%         1    ##.....


Dungeon Overview and Level Annotations

Branches:
Dungeon (3/27)

Altars:

Annotations
D:2 Sigmund


Innate Abilities, Weirdness & Mutations

You have sharp fingernails.
You are partially covered in sharp spines.


Message History

You continue butchering the corpse.
You finish ripping the orc corpse into pieces.
Things that are here:
an orcish hand axe; 4 chunks of orc flesh You start resting.
You are feeling hungry.
You start resting.
Wield which item (- for none, * to show all)? (? for menu, Esc to quit)
You are now empty-clawed.
The orc throws a dagger.
The dagger misses you.
You hit the orc but do no damage.
The orc hits you with a glowing orcish falchion.
You hit the orc.
The orc begins to bleed from its wounds!
The orc is lightly wounded.
The orc is struck by your spines.
The orc hits you with a glowing orcish falchion.
You are electrocuted!
Ouch! That really hurt!
You die...

.......##.##........#
.......#..##>.......#
.....o.o.#########'##
.......### ##...#
#####.## #..### ##.#
#.## #%<# #.# #+##
##o##### #..@...#
+......# #...)..#
#......# #...)..#
#......# #####+##


You could see an orc (bleeding).

Vanquished Creatures
  A giant gecko (D:1)
  5 orcs (D:3)
  6 bats
  A giant cockroach (D:2)
  3 goblins
  A hobgoblin (D:1)
  2 giant newts (D:1)
  4 kobolds
  3 rats (D:1)
26 creatures vanquished.

Notes
Turn   | Place    | Note
--------------------------------------------------------------
     0 | D:1      | Rycklaryybbe, the Demonspawn Warper, began the quest for the Orb.
     0 | D:1      | Reached XP level 1. HP: 15/15 MP: 1/1
   517 | D:1      | Gained mutation: You have sharp fingernails. [demonic ancestry]
   517 | D:1      | Reached XP level 2. HP: 21/21 MP: 3/3
   737 | D:1      | Reached skill level 1 in Unarmed Combat
   977 | D:2      | Noticed Sigmund
  1188 | D:3      | Gained mutation: You are partially covered in sharp spines. [demonic ancestry]
  1188 | D:3      | Reached XP level 3. HP: 9/26 MP: 4/4
  1330 | D:3      | Slain by an orc

Action                   || total
-------------------------++-------
Melee: Short sword       ||    89
       Unarmed           ||     2
  Use: Potion            ||     2
